 Dungeon Crawl Stone Soup version 0.29.1-1-gd02db6906a (webtiles) character file.

Game seed: 10471303602815719568

99 Icepheonix32 the Insei (level 4, -4/32 HPs)
             Began as a Merfolk Transmuter on Oct 3, 2022.
             Slain by Grinder (7 damage)
             ... while paralysed by Grinder
             ... on level 3 of the Dungeon.
             The game lasted 00:02:24 (3359 turns).

Icepheonix32 the Insei (Merfolk Transmuter)         Turns: 3359, Time: 00:02:24

Health: -4/32      AC:  2    Str: 10    XL:     4   Next: 72%
Magic:  4/8        EV:  5    Int: 14    God:
Gold:   124        SH:  0    Dex: 19    Spells: 2/8 levels left

rFire   . . .      SeeInvis .     - Unarmed
rCold   . . .      Faith    .   (shield currently unavailable)
rNeg    . . .      Spirit   .   (body armour currently unavailable)
rPois   x          Reflect  .   (helmet currently unavailable)
rElec   .          Harm     .   (cloak currently unavailable)
rCorr   .          Rampage  .   (gloves currently unavailable)
Will    .....                   (boots currently unavailable)
Stlth   ++........              (no amulet)
HPRegen 0.10/turn               (no ring)
MPRegen 0.11/turn               (no ring)

@: paralysed, mighty, spider-form (expiring)
A: venomous fangs, tiny, (nimble swimmer 2), (mertail)
a: End Transformation


You were on level 3 of the Dungeon.
You were a venomous arachnid creature.
You visited 1 branch of the dungeon, and saw 3 of its levels.

You collected 124 gold pieces.

Inventory:

Hand Weapons
 c - a +0 spectral club
 f - a +0 dagger of venom
Armour
 a - a +0 robe (melded)
Scrolls
 e - a scroll of immolation {unknown}
Potions
 b - 6 potions of lignification
 d - 2 potions of degeneration {unknown}
 j - 2 potions of curing {unknown}


   Skills:
 + Level 1.4 Fighting
 + Level 3.4 Dodging
 + Level 0.3 Stealth
 + Level 4.0 Unarmed Combat
 + Level 2.7 Spellcasting
 * Level 4.0 Transmutations
 * Level 0.4 Poison Magic


You had 2 spell levels left.
You knew the following spells:

 Your Spells              Type           Power      Damage    Failure   Level
a - Beastly Appendage     Tmut           26%        N/A       13%         1
b - Wereblood             Tmut           13%        N/A       17%         2
c - Spider Form           Tmut/Pois      8%         N/A       47%         3

Your spell library contained the following spells:

 Spells                   Type           Power      Damage    Failure   Level
 Ice Form                 Ice/Tmut       7%         N/A       85%         4


Dungeon Overview and Level Annotations

Branches:
Dungeon (3/15)

Altars:

Annotations:
D:3 Grinder


Innate Abilities, Weirdness & Mutations

You are a venomous arachnid creature.
You have poisonous fangs.
You are tiny and dextrous.
Your spellcasting is less reliable in this form.
Your armour is entirely melded.
You are incapable of wielding weapons or throwing items.
((You are very nimble when in or above water. (Stealth+, EV+, Speed+++)))
((Your lower body shifts to a powerful aquatic tail in water.))


Message History

The goblin misses you. Grinder gestures at you. Pain shoots through your body!
* * * LOW HITPOINT WARNING * * *
You hit the goblin.
You kill the goblin!
Grinder closely misses you.
Unknown command.
You hit Grinder but do no damage.
Grinder is lightly wounded.
You hit Grinder.
Grinder is moderately wounded.
Grinder barely misses you.
You hit Grinder but do no damage.
Grinder is moderately wounded.
Grinder barely misses you.
Your magical contamination has completely faded away.
You bite Grinder!
Grinder is heavily wounded.
Grinder completely misses you.
You hit Grinder.
Grinder is heavily wounded.
Grinder closely misses you.
You closely miss Grinder.
Grinder is heavily wounded.
Your transformation is almost over.
Grinder hits you but does no damage.
You hit Grinder but do no damage.
Grinder is heavily wounded.
Grinder gestures at you. Pain shoots through your body!
* * * LOW HITPOINT WARNING * * *
You feel very mighty all of a sudden. Grinder closely misses you.
You bite Grinder!
Grinder is almost dead.
Grinder gestures at you.
You suddenly lose the ability to move!
Grinder hits you!
You die...

#.#
.##########.#
............#
.######)#####
#.# #.# #.#
###5######
#..s)....#
#.##.###..#
... ..# #.#
#.# #. .# .
.. # ###


You could see Grinder.

Vanquished Creatures
  Ijyb (D:3)
  4 adders (D:2)
  A worm (D:2)
  3 ball pythons (D:1)
  2 endoplasms (D:2)
  A giant cockroach (D:1)
  8 goblins
  2 hobgoblins
  3 quokkas (D:1)
  4 frilled lizards
  4 kobolds
  4 rats (D:1)
37 creatures vanquished.

Notes
Turn   | Place    | Note
-------+----------+-------------------------------------------
     0 | D:1      | Icepheonix32 the Merfolk Transmuter began the quest for the
                  | Orb.
     0 | D:1      | Reached XP level 1. HP: 15/15 MP: 3/3
   585 | D:1      | Reached XP level 2. HP: 19/21 MP: 3/5
  1355 | D:1      | Reached XP level 3. HP: 25/26 MP: 6/6
  1635 | D:2      | Found a faded altar of an unknown god.
  2099 | D:2      | Reached XP level 4. HP: 32/32 MP: 6/8
  3089 | D:2      | Learned a level 2 spell: Wereblood
  3093 | D:2      | Learned a level 3 spell: Spider Form
  3108 | D:3      | Noticed Ijyb
  3112 | D:3      | Paralysed by Ijyb for 4 turns
  3121 | D:3      | Killed Ijyb
  3340 | D:3      | Noticed Grinder
  3358 | D:3      | Paralysed by Grinder for 5 turns
  3359 | D:3      | Slain by Grinder

Illustrated notes

Levels and vault maps discovered:
D:1:      lemuel_arrival_river_ford, layout_loops_corners
D:2:      layout_basic, nicolae_ecumenical_oubliette
D:3:      layout_loops_ring, lemuel_doored_altar, serial_shops,
          nicolae_shop_trees, nicolae_diamond_shop, roderic_filled_cross,
          nrook_uturn, grunt_ministairs_8, uniq_sigmund, uniq_ijyb, uniq_grinder

Skill      XL: |  1  2  3  4 |
---------------+-------------+-----
Transmutations | 3 4 |  4.0
Dodging        | 3 |  3.4
Unarmed Combat | 4 |  4.0
Fighting       | |  1.4
Stealth        | |  0.3
Spellcasting   | |  2.7
Poison Magic   | |  0.4

Action                   |  1- 3 |  4- 6 || total
-------------------------+-------+-------++-------
Melee: Unarmed           |   104 |    41 ||   145
       Headbutt          |    16 |     1 ||    17
       Punch             |     1 |       ||     1
 Cast: Beastly Appendage |    22 |     4 ||    26
       Spider Form       |       |     2 ||     2
  Use: Scroll            |       |     5 ||     5
       Potion            |       |     1 ||     1
Armor: Robe              |    12 |     2 ||    14
       Skin              |       |     1 ||     1
Dodge: Dodged            |    57 |    17 ||    74
